 Dungeon Crawl Stone Soup version 0.30-a0-726-gd89dcf765f (webtiles) character file.

Game seed: 8835026144500922420

17866 Jackthecabe the Covert (level 12, -2/67 HPs)
             Began as a Vine Stalker Brigand on Jan 30, 2023.
             Was an Elder of Wu Jian.
             Slain by a komodo dragon (15 damage)
             ... on level 3 of the Lair of Beasts.
             The game lasted 00:46:17 (11540 turns).

Jackthecabe the Covert (Vine Stalker Brigand)      Turns: 11540, Time: 00:46:18

Health: -2/67      AC: 10    Str: 12    XL:     12   Next: 52%
Magic:  0/13       EV: 17    Int: 11    God:    Wu Jian [****..]
Gold:   829        SH:  0    Dex: 23    Spells: 9/11 levels left

rFire   . . .      SeeInvis +    H - +2 dagger (freeze)
rCold   + . .      Faith    .    (no shield)
rNeg    + + .      Spirit   +    U - +0 troll leather armour
rPois   .          Reflect  .    K - +0 hat
rElec   .          Harm     .    c - +0 cloak
rCorr   .          Rampage  .    X - +1 pair of gloves
Will    ++...                    S - +0 pair of boots
Stlth   +++++                    m - amulet of Xoulloush {RegenMP rN++ Str-2 Dex+2 SInv}
HPRegen 1.91/turn                C - ring of protection from cold
MPRegen 0.53/turn                W - ring of willpower

@: no status effects
A: fangs 3, regeneration 1, magic shield, antimagic bite, no potion heal 2
a: Renounce Religion, Wall Jump, Serpent's Lash


You were on level 3 of the Lair of Beasts.
You worshipped Wu Jian.
Wu Jian was greatly pleased with you.
You visited 2 branches of the dungeon, and saw 15 of its levels.

You collected 829 gold pieces.


Innate Abilities, Weirdness & Mutations

You have razor-sharp teeth.
Your natural rate of healing is unusually fast.
When hurt, damage is shared between your health and your magic reserves.
Your bite disrupts and absorbs the magic of your enemies.
Potions cannot restore your health.


   Skills:
 - Level 10.0 Fighting
 - Level 8.0 Short Blades
 - Level 1.7 Throwing
 - Level 7.0 Armour
 - Level 7.0 Dodging
 - Level 12.0 Stealth
 + Level 3.1 Hexes
 + Level 3.1 Ice Magic


You had 9 spell levels left.
You knew the following spells:

 Your Spells              Type           Power      Damage    Failure   Level
e - Ensorcelled Hibernat  Hex/Ice        12%        N/A       19%         2

Your spell library contained the following spells:

 Spells                   Type           Power      Damage    Failure   Level
 Apportation              Tloc           0%         N/A       41%         1
 Beastly Appendage        Tmut           0%         N/A       41%         1
 Foxfire                  Conj/Fire      0%         2x1d4     41%         1
 Necrotise                Necr           0%         1d4       41%         1
 Summon Small Mammal      Summ           0%         N/A       41%         1
 Cigotuvi's Dreadful Rot  Necr/Pois/Air  0%         N/A       54%         2
 Passwall                 Tmut/Erth      0%         N/A       54%         2
 Poisonous Vapours        Pois/Air       0%         N/A       54%         2
 Wereblood                Tmut           0%         N/A       54%         2
 Hailstorm                Conj/Ice       3%         3d3       56%         3
 Portal Projectile        Hex/Tloc       6%         N/A       56%         3
 Call Canine Familiar     Summ           0%         N/A       78%         3
 Ignite Poison            Fire/Tmut/Pois 0%         N/A       78%         3
 Kindle Blastsparks       Fire/Tloc/Air  0%         2d10      78%         3
 Mephitic Cloud           Conj/Pois/Air  0%         N/A       78%         3
 Spider Form              Tmut/Pois      0%         N/A       78%         3
 Swiftness                Air            0%         N/A       78%         3
 Anguish                  Hex/Necr       1%         N/A       93%         4
 Ice Form                 Ice/Tmut       3%         N/A       93%         4
 Leda's Liquefaction      Hex/Erth       1%         N/A       93%         4
 Sticky Flame             Conj/Fire      0%         2d3       99%         4
 Fireball                 Conj/Fire      0%         3d3       100%        5
 Freezing Cloud           Conj/Ice/Air   1%         6-21      100%        5
 Simulacrum               Ice/Necr       1%         N/A       100%        6
 Starburst                Conj/Fire      0%         6d3       100%        6
 Ignition                 Fire           0%         3d3       100%        8

Inventory:

Hand Weapons
 H - a +2 dagger of freezing (weapon)
 J - a +1 dagger of venom
 L - a +3 dagger
Missiles
 d - 42 poisoned darts (quivered)
 e - 3 curare-tipped darts {=f}
 q - a throwing net {=f}
 Y - 2 datura-tipped darts
Armour
 c - a +0 cloak (worn)
 y - +0 steam dragon scales
 K - a +0 hat (worn)
 S - a +0 pair of boots (worn)
 U - a +0 troll leather armour (worn)
 X - a +1 pair of gloves (worn)
Jewellery
 m - the amulet of Xoulloush (around neck) {RegenMP rN++ Str-2 Dex+2 SInv}
   (You acquired it on level 8 of the Dungeon)

   [amulet of magic regeneration]

   It increases your rate of magic regeneration.
   Str:       It affects your strength (-2).
   Dex:       It affects your dexterity (+2).
   rN:        It greatly protects you from negative energy.
   SInv:      It lets you see invisible.
 C - a ring of protection from cold (left hand)
 F - a ring of protection from fire
 W - a ring of willpower (right hand)
Wands
 a - a wand of charming (10)
 E - a wand of polymorph (12)
 G - a wand of roots (11)
 T - a wand of mindburst (9)
 V - a wand of digging (5)
Scrolls
 f - a scroll of poison
 g - 2 scrolls of acquirement
 n - 4 scrolls of teleportation {@r2}
 o - 3 scrolls of immolation
 v - a scroll of magic mapping
 w - 3 scrolls of amnesia
 P - a scroll of fear
 Q - 4 scrolls of enchant armour
Potions
 h - 2 potions of magic
 i - a potion of invisibility
 k - a potion of cancellation {unknown}
 l - a potion of might
 r - 6 potions of mutation
 s - 7 potions of curing {@q1}
 t - 5 potions of lignification
 x - a potion of experience {unknown}
 z - 2 potions of attraction
 A - a potion of flight {unknown}
 B - 2 potions of resistance {unknown}
 D - a potion of degeneration {unknown}
 M - 3 potions of haste {@q3}
Miscellaneous
 b - a lightning rod (4/4)
 N - a phial of floods

Dungeon Overview and Level Annotations

Branches:
Dungeon (12/15)            Temple (0/1) D:5            Lair (3/5) D:11
    Orc (0/2) D:12
  Swamp: Lair:2-3    Shoals: Lair:2-3     Snake: Lair:2-3    Spider: Lair:2-3

Altars:
Ashenzari
Cheibriados
Dithmenos
Elyvilon
Fedhas
Gozag
Kikubaaqudgha
Nemelex Xobeh
Okawaru
Qazlal
Wu Jian
Xom
Zin

Shops:
D:4 :   D:12 *

Annotations:
D:2 Sigmund
D:3 1 runed translucent door, Crazy Yiuf
D:4 Duvessa
D:9 exclusion: 2 doors
D:11 exclusion: gargoyle

#...............
##.............. #
##..........###.
.###......[.....###
#.####........###
##.# ##.........#
###..###...<...####
###.....##.#....##
#.....l@...##..##
#....l.#....####
##.#.###.#.##
####.# #...#
##....# ###.#
..#.....#..##..
.....#...###..##.##
...##...#.....#.#
#..##.###.#...#


You could see 2 komodo dragons.


Message History

You hit the komodo dragon but do no damage.
You bite the komodo dragon, but do no damage.
The komodo dragon bites you!
The komodo dragon attacks as you move away!
The komodo dragon misses you.
The komodo dragon attacks as you move away!
The komodo dragon bites you!!
Casting: Ensorcelled Hibernation (safe; 19% risk of failure)
Confirm with . or Enter, or press ? or * to list all spells.
Aiming: Ensorcelled Hibernation (safe; 19% risk of failure)
Press: ? - help, Shift-Dir - straight line, f/p - komodo dragon
Aim: a komodo dragon (chance to affect: 23%)
The komodo dragon resists with almost no effort.
The komodo dragon bites you!
Casting: Ensorcelled Hibernation (safe; 19% risk of failure)
Confirm with . or Enter, or press ? or * to list all spells.
Aiming: Ensorcelled Hibernation (safe; 19% risk of failure)
Press: ? - help, Shift-Dir - straight line, f/p - komodo dragon
Aim: a komodo dragon (chance to affect: 23%)
The komodo dragon resists with almost no effort.
The komodo dragon hisses menacingly.
The komodo dragon bites you.
The komodo dragon attacks as you move away!
The komodo dragon bites you!!
* * * LOW HITPOINT WARNING * * *
The komodo dragon attacks as you move away!
The komodo dragon misses you.
The komodo dragon attacks as you move away!
The komodo dragon bites you!!
You die...

Skill      XL: |  1  2  3  4  5  6  7  8  9 10 11 12 |
---------------+-------------------------------------+-----
Short Blades   | 2 3 4 5 6 8 |  8.0
Fighting       | 2 5 6 7 8 10 | 10.0
Hexes          | 3 |  3.1
Ice Magic      | 3 |  3.1
Stealth        | 5 8 10 12 | 12.0
Armour         | 4 7 |  7.0
Dodging        | 7 |  7.0
Throwing       | |  1.7

Action                     |  1- 3 |  4- 6 |  7- 9 | 10-12 || total
---------------------------+-------+-------+-------+-------++-------
  Melee: Dagger            |    93 |   126 |   415 |   627 ||  1261
         Bite              |    20 |    35 |   151 |   251 ||   457
         Punch             |       |     1 |     7 |     8 ||    16
  Throw: Dart              |       |     4 |     3 |     7 ||    14
         Throwing net      |       |       |       |     2 ||     2
   Cast: Ensorcelled Hiber |       |       |     5 |    13 ||    18
Ability: Lunge             |       |     3 |    29 |    39 ||    71
         Whirlwind         |       |       |     2 |    61 ||    63
         Wall Jump         |       |       |       |     7 ||     7
  Evoke: Wand              |       |       |       |     5 ||     5
    Use: Scroll            |       |       |       |    17 ||    17
         Potion            |       |       |       |     2 ||     2
   Stab: Sleeping          |     9 |     9 |    17 |    20 ||    55
         Distracted        |       |     1 |     1 |     4 ||     6
         Held in net/web   |       |       |       |     2 ||     2
 Armour: Robe              |    19 |    12 |     4 |       ||    35
         Steam dragon scal |       |       |    78 |    81 ||   159
         Troll leather arm |       |       |       |    50 ||    50
  Dodge: Dodged            |    58 |    43 |   163 |   293 ||   557

Levels and vault maps discovered:
D:1:      amcnicky_arrival_choice, layout_basic, dk_noncrumbling_4,
          moated_statue
D:2:      layout_rooms, uniq_sigmund
D:3:      layout_rooms, uniq_crazy_yiuf_cottage, uniq_terence
D:4:      layout_rooms, nzn_overflow_gifts_of_might_and_magic,
          nicolae_elyvilon_peaceful_grove, mainiacjoe_overflow_divided_tiny,
          nicolae_shop_i_like_big_books, hangedman_decor_points,
          reono_crystal_passage
D:5:      kennysheep_steamy, layout_loops_ring, minmay_temple_entry_glass,
          minivault_14, uniq_prince_ribbit1
D:6:      layout_gridville, lemuel_round_altar, uniq_blork_the_orc
D:7:      layout_layer_cave, uniq_duvessa
D:8:      layout_loops_cross, nicolae_overflow_crystal_walls, zin_statuary,
          uniq_gastronok
D:9:      layout_rooms, kennysheep_mini, kennysheep_pointless_box,
          minmay_joined_circles
D:10:     layout_basic, grunt_temple_overflow_open
D:11:     layout_stronghold, david_lair_generic
D:12:     layout_loops_ring, orc_0_dummy, moated_statue,
          nicolae_transmutations_shop, grunt_decor_clamped
Lair:1:   layout_cave_pods, minivault_25, pdpol_lair_neglected_garden,
          st_stairs_12, minivault_11, nicolae_quartered_pool_super,
          minivault_25, dreamdust_gnoll_shepherd, lemuel_fruit_fields
Lair:2:   layout_misc_corridors, nicolae_swamp_entry_splash_gauntlet
Lair:3:   beast_lair_carwin_large_3, layout_cave_pods,
          spider_nest_entry_funnel_web, pdpol_lair_cavern_descent,
          infiniplex_staircase_pool_2

Notes
Turn   | Place    | Note
-------+----------+-------------------------------------------
     0 | D:1      | Jackthecabe the Vine Stalker Brigand began the quest for
                  | the Orb.
     0 | D:1      | Reached XP level 1. HP: 11/11 MP: 2/2
    33 | D:1      | Reached skill level 2 in Short Blades
    77 | D:1      | Reached XP level 2. HP: 14/15 MP: 3/3
   232 | D:1      | Reached skill level 3 in Short Blades
   281 | D:1      | Reached XP level 3. HP: 18/18 MP: 4/4
   284 | D:1      | Learned a level 2 spell: Ensorcelled Hibernation
   925 | D:2      | Noticed Sigmund
  1073 | D:3      | Gained mutation: Your natural rate of healing is unusually
                  | fast. [Vine Stalker growth]
  1073 | D:3      | Reached XP level 4. HP: 23/23 MP: 5/5
  1160 | D:3      | Noticed a black bear
  1162 | D:3      | Killed a black bear
  1163 | D:3      | Reached skill level 4 in Short Blades
  1163 | D:3      | Reached XP level 5. HP: 26/26 MP: 6/6
  1215 | D:3      | Found a runed translucent door.
  1216 | D:3      | Noticed Crazy Yiuf
  1254 | D:3      | Noticed Terence
  1281 | D:3      | Reached skill level 5 in Short Blades
  1583 | D:3      | Killed Terence
  1826 | D:4      | Found a white marble altar of Elyvilon.
  1869 | D:4      | Reached XP level 6. HP: 17/30 MP: 2/7
  2025 | D:4      | Reached skill level 6 in Short Blades
  2056 | D:4      | Found Kodwayr's Tremendous Tomes.
  2263 | D:4      | Found a blossoming altar of Fedhas.
  2263 | D:4      | Found an ornate altar of the Wu Jian Council.
  2286 | D:4      | Became a worshipper of the Wu Jian Council
  2566 | D:4      | Noticed Duvessa
  2664 | D:4      | Reached XP level 7. HP: 34/34 MP: 8/8
  2690 | D:5      | Entered Level 5 of the Dungeon
  2700 | D:5      | Reached skill level 7 in Short Blades
  2719 | D:5      | Found a staircase to the Ecumenical Temple.
  2889 | D:5      | Noticed Prince Ribbit
  2904 | D:5      | Killed Prince Ribbit
  2905 | D:5      | Reached skill level 8 in Short Blades
  2905 | D:5      | Reached skill level 2 in Fighting
  2905 | D:5      | Gained mutation: You have razor-sharp teeth. [Vine Stalker
                  | growth]
  2905 | D:5      | Reached XP level 8. HP: 30/39 MP: 6/9
  2999 | D:5      | Reached skill level 3 in Fighting
  3078 | D:5      | Reached skill level 4 in Fighting
  3182 | D:5      | Reached skill level 5 in Fighting
  3182 | D:5      | Reached skill level 1 in Hexes
  3182 | D:5      | Reached skill level 1 in Ice Magic
  3546 | D:5      | Reached skill level 2 in Hexes
  3546 | D:5      | Reached skill level 2 in Ice Magic
  3867 | D:6      | Identified the +1 robe "Ficuyt" {Will+}
  3886 | D:6      | Reached skill level 3 in Hexes
  3886 | D:6      | Reached skill level 3 in Ice Magic
  3886 | D:6      | Reached skill level 5 in Stealth
  3886 | D:6      | Reached XP level 9. HP: 36/42 MP: 7/10
  3929 | D:6      | Reached skill level 6 in Stealth
  3947 | D:6      | Noticed Blork the orc
  3953 | D:6      | Killed Blork the orc
  3986 | D:6      | Reached * piety under Wu Jian
  3987 | D:6      | Reached skill level 7 in Stealth
  4136 | D:6      | Reached skill level 8 in Stealth
  4316 | D:6      | Found a sparkling altar of Nemelex Xobeh.
  4681 | D:7      | Reached skill level 6 in Fighting
  4698 | D:7      | Reached skill level 1 in Armour
  4713 | D:7      | Reached ** piety under Wu Jian
  4714 | D:7      | Reached skill level 2 in Armour
  4845 | D:6      | Reached skill level 3 in Armour
  5475 | D:8      | Found an iron altar of Okawaru.
  5495 | D:8      | Reached skill level 4 in Armour
  5652 | D:8      | Reached XP level 10. HP: 53/53 MP: 11/11
  5658 | D:8      | Found a glowing silver altar of Zin.
  5670 | D:8      | Noticed Gastronok
  5692 | D:8      | HP: 5/53 [Gastronok (19)]
  5721 | D:8      | Killed Gastronok
  5722 | D:8      | Reached skill level 5 in Armour
  5722 | D:8      | Reached skill level 6 in Armour
  6228 | D:9      | Reached skill level 7 in Armour
  6272 | D:9      | Identified a +1 robe of the Archmagi
  6603 | D:9      | Found a snail-covered altar of Cheibriados.
  6627 | D:9      | Noticed a two-headed ogre
  6760 | D:9      | Noticed a kobold demonologist
  6878 | D:8      | Identified 2 scrolls of acquirement
  6886 | D:8      | Acquired the amulet of Xoulloush {RegenMP rN++ Str-2 Dex+2
                  | SInv}
  6911 | D:10     | Entered Level 10 of the Dungeon
  7017 | D:10     | Reached skill level 9 in Stealth
  7120 | D:10     | Reached skill level 10 in Stealth
  7120 | D:10     | Reached *** piety under Wu Jian
  7152 | D:10     | Paralysed by a hornet for 1 turns
  7321 | D:10     | Found an opulent altar of Gozag.
  7323 | D:10     | Found a shimmering altar of Xom.
  7324 | D:10     | Found an ancient bone altar of Kikubaaqudgha.
  7325 | D:10     | Found a stormy altar of Qazlal.
  7329 | D:10     | Found a shadowy altar of Dithmenos.
  7329 | D:10     | Found a broken altar of Ashenzari.
  7561 | D:11     | Noticed a manticore
  7640 | D:11     | Killed a manticore
  7641 | D:11     | Reached skill level 7 in Fighting
  7662 | D:11     | Noticed a gargoyle
  7908 | D:11     | Noticed a centaur warrior
  7923 | D:11     | Found a staircase to the Lair.
  7924 | D:11     | Noticed an elephant
  7924 | D:11     | Noticed a manticore
  7927 | D:11     | Reached XP level 11. HP: 58/58 MP: 12/12
  7964 | D:11     | HP: 3/60 [wyvern (5)]
  7967 | D:11     | Reached skill level 8 in Fighting
  8168 | D:11     | Killed a manticore
  8169 | D:11     | Reached skill level 2 in Dodging
  8205 | D:11     | Killed a centaur warrior
  8206 | D:11     | Reached skill level 3 in Dodging
  8328 | D:11     | Noticed a cyclops
  8335 | D:11     | Killed a cyclops
  8336 | D:11     | Reached skill level 4 in Dodging
  8670 | D:11     | You fall into a shaft and drop 1 floor!
  8778 | D:12     | Found a staircase to the Orcish Mines.
  8875 | D:12     | Found Iseirrev's Changing Room.
  8946 | D:12     | Noticed a green ugly thing
  8955 | D:12     | Reached skill level 5 in Dodging
  9237 | Lair:1   | Entered Level 1 of the Lair of Beasts
  9351 | Lair:1   | Noticed a catoblepas
  9366 | D:11     | Reached skill level 6 in Dodging
 10011 | Lair:1   | Killed a catoblepas
 10012 | Lair:1   | Reached skill level 7 in Dodging
 10566 | Lair:2   | Noticed a bog body
 10567 | Lair:2   | Reached XP level 12. HP: 65/65 MP: 13/13
 10571 | Lair:2   | Reached skill level 9 in Fighting
 10572 | Lair:2   | Reached **** piety under Wu Jian
 10623 | Lair:2   | Noticed a five-headed hydra
 10986 | Lair:2   | Reached skill level 10 in Fighting
 11104 | Lair:3   | Noticed an eight-headed hydra
 11143 | Lair:2   | Reached skill level 11 in Stealth
 11505 | Lair:3   | Reached skill level 12 in Stealth
 11540 | Lair:3   | Slain by a komodo dragon

Vanquished Creatures
  Gastronok (D:8)
  A catoblepas (Lair:1)
  A centaur warrior (D:11)
  A bog body (Lair:2)
  2 manticores (D:11)
  A cyclops (D:11)
  An elephant (D:11)
  A torpor snail (Lair:2)
  3 black mambas
  An unseen horror (D:11)
  4 komodo dragons
  2 cane toads
  2 trolls
  A polar bear (Lair:2)
  A hornet (D:10)
  5 blink frogs
  Prince Ribbit (D:5)
  2 dream sheep
  A shadow (D:12)
  17 yaks
  2 wyverns
  3 basilisks
  2 steam dragons (D:5)
  An acid dragon (D:11)
  3 water moccasins
  4 orc warriors
  4 black bears
  An ice beast (D:6)
  An ogre (D:5)
  2 centaurs
  A wolf (Lair:2)
  A phantom (D:7)
  5 kobold brigands
  Blork the orc (D:6)
  7 bullfrogs
  3 necrophages
  2 scorpions (D:6)
  3 wights (D:5)
  2 killer bees
  6 howler monkeys
  3 electric eels (Lair:1)
  3 hounds
  A jelly (D:4)
  6 orc priests
  4 gnoll boudas
  10 iguanas
  Terence (D:3)
  8 orc wizards
  13 gnolls
  9 adders
  A shadow imp (D:7)
  2 white imps
  An ufetubus (D:7)
  2 worms
  4 dart slugs
  37 orcs
  6 ball pythons
  2 endoplasms
  5 giant cockroaches
  6 goblins
  4 hobgoblins (D:1)
  3 jackals (D:2)
  5 quokkas
  3 bats
  3 frilled lizards
  22 kobolds
  4 rats
271 creatures vanquished.

Vanquished Creatures (collateral kills)
  A bullfrog (D:11)
1 creature vanquished.

Vanquished Creatures (others)
  A wyvern (D:11)
  A butterfly (D:4)
  5 fungi
  11 plants
18 creatures vanquished.

Grand Total: 290 creatures vanquished

Table legend: (Time is in decaauts)
 A = Elapsed time spent in this place.
 B = Non-inter-level travel time spent in this place.
 C = Inter-level travel time spent in this place.
 D = Time resting spent in this place.
 E = Time spent auto-exploring this place.
 F = Levels seen in this place.
 G = Mean time per level.
                   A        B        C        D        E       F      G
               +--------+--------+--------+--------+--------+-----+--------+
         Total |  11195 |  10574 |    621 |   1135 |   6507 |  15 |  746.3 |
       Dungeon |   9342 |   8825 |    517 |    870 |   5638 |  12 |  778.5 |
          Lair |   1853 |   1749 |    104 |    265 |    868 |   3 |  617.7 |
               +--------+--------+--------+--------+--------+-----+--------+

Top non-repeatable levels by time:
    D:11: 1576 daAuts
     D:5: 983 daAuts
  Lair:1: 963 daAuts
     D:4: 891 daAuts
     D:6: 883 daAuts
     D:7: 779 daAuts
     D:8: 763 daAuts
     D:9: 654 daAuts
  Lair:2: 618 daAuts
     D:3: 594 daAuts
    D:10: 586 daAuts
     D:2: 582 daAuts
     D:1: 575 daAuts
    D:12: 470 daAuts
  Lair:3: 271 daAuts

Table legend:
 A = Non-vault XP
 B = Vault XP
 C = Vault XP percentage of total XP
 D = Non-vault monster count
 E = Vault monster count
 F = Vault count percentage of total count
                 A         B        C        D         E       F
            +---------+---------+-------+---------+---------+-------
      Total |   18964 |    6560 |  25.7 |     244 |      29 |  10.6
            +---------+---------+-------+---------+---------+-------
        D:1 |      44 |       0 |   0.0 |      23 |       0 |   0.0
        D:2 |      35 |       0 |   0.0 |      15 |       0 |   0.0
        D:3 |     181 |      36 |  16.6 |      15 |       1 |   6.2
        D:4 |     332 |       0 |   0.0 |      16 |       0 |   0.0
        D:5 |     962 |     624 |  39.3 |      17 |       3 |  15.0
        D:6 |    1064 |      96 |   8.3 |      36 |       1 |   2.7
        D:7 |     868 |       0 |   0.0 |      28 |       0 |   0.0
        D:8 |     730 |    1612 |  68.8 |      17 |       2 |  10.5
        D:9 |     576 |      63 |   9.9 |       6 |       1 |  14.3
       D:10 |    1245 |       0 |   0.0 |      12 |       0 |   0.0
       D:11 |    5600 |    1201 |  17.7 |      29 |       5 |  14.7
       D:12 |     550 |       0 |   0.0 |       2 |       0 |   0.0
     Lair:1 |    2200 |     285 |  11.5 |       8 |       2 |  20.0
     Lair:2 |    3198 |    1470 |  31.5 |      14 |       4 |  22.2
     Lair:3 |    1379 |    1173 |  46.0 |       6 |      10 |  62.5
            +---------+---------+-------+---------+---------+-------
